 Dungeon Crawl Stone Soup version 0.31-a0-149-g3fdcc5976a (webtiles) character file.

Game seed: 6887079107871243951

55129 Pooter the Cleaver (level 14, -5/113 HPs)
             Began as a Demonspawn Berserker on June 8, 2023.
             Was an Elder of Trog.
             Slain by Urug
             ... wielding a +4 scimitar
              (19 damage)
             ... on level 12 of the Dungeon.
             The game lasted 01:55:27 (37202 turns).

Pooter the Cleaver (Demonspawn Berserker)          Turns: 37202, Time: 01:55:27

Health: -5/113     AC: 19    Str: 19    XL:     14   Next: 37%
Magic:  12/14      EV:  9    Int: 10    God:    Trog [****..]
Gold:   767        SH:  5    Dex: 15    Spells: 13/13 levels left

rFire   . . .        b - +1 triple crossbow (freeze)
rCold   . . .        (shield currently unavailable)
rNeg    . . .        n - +2 plate armour
rPois   .            Y - +0 helmet
rElec   .            B - scarf {harm}
rCorr   .            C - +1 pair of gloves
SInv    .            (no boots)
Will    +....        E - amulet of reflection Stlth
                     (no ring)
HPRegen 0.38/turn    (no ring)
MPRegen 0.14/turn

%: harm (+30% outgoing, +20% incoming), reflection
@: no status effects
A: demonic guardian 1, ignite blood 2, sturdy frame 2, weakness stinger 2, sense
surroundings 1, wild magic 1, evolution 1
a: Renounce Religion, Berserk, Trog's Hand, Brothers in Arms


You were on level 12 of the Dungeon.
You worshipped Trog.
Trog was greatly pleased with you.
You visited 3 branches of the dungeon, and saw 19 of its levels.
You also visited: Ossuary.

You collected 1841 gold pieces.
You spent 1074 gold pieces at shops.

Inventory:

Hand Weapons
 a - the +6 war axe of Owoocoji {venom, *Noise Will+ rCorr Str+2}
   (You found it on level 4 of the Lair of Beasts)

   Str:       It affects your strength (+2).
   *Noise:    It may make noises in combat.
   rCorr:     It protects you from acid and corrosion.
   Will:      It increases your willpower.
 b - a +1 triple crossbow of freezing (weapon)
   (You bought it in a shop on level 7 of the Dungeon)
 j - a +9 longbow of flaming
   (You bought it in a shop on level 3 of the Dungeon)
 J - a +0 trident
   (You found it on level 1 of the Dungeon)
 R - the +9 hammer "Xayvvo Uruunt" {antimagic, SInv}
   (You found it on level 7 of the Dungeon)

   SInv:      It lets you see invisible.
 S - a +0 morningstar
   (You took it off an orc priest on level 7 of the Dungeon)
 Z - a +4 antimagic war axe
   (You took it off an orc on level 3 of the Dungeon)
Missiles
 s - 2 boomerangs of dispersal {!f}
 y - 12 boomerangs
 z - 2 atropa-tipped darts
 N - 3 curare-tipped darts
Armour
 n - a +2 plate armour (worn)
   (You took it off an orc warrior on level 8 of the Dungeon)
 A - the +3 leather armour "Suogas" {rElec Will+ Str+3 Int+5}
   (You found it on level 5 of the Dungeon)

   Str:       It affects your strength (+3).
   Int:       It affects your intelligence (+5).
   rElec:     It insulates you from electricity.
   Will:      It increases your willpower.
 B - a scarf of harm (worn)
   (You found it on level 10 of the Dungeon)
 C - a +1 pair of gloves (worn)
   (You found it on level 5 of the Dungeon)
 I - +0 storm dragon scales
   (You found it on level 9 of the Dungeon)
 O - a +2 hat
   (You found it on level 8 of the Dungeon)
 X - the +0 pair of boots of the Antique God {Rampage rF- Will+++ Dex-5}
   (You bought it in a shop on level 7 of the Dungeon)

   Dex:       It affects your dexterity (-5).
   rF:        It makes you vulnerable to fire.
   Rampage:   It bestows one free step when moving towards enemies.
   Will:      It greatly increases your willpower.
 Y - a +0 helmet (worn)
   (You found it on level 4 of the Lair of Beasts)
Jewellery
 e - an amulet of regeneration
   (You bought it in a shop on level 7 of the Dungeon)
 m - an amulet of the acrobat
   (You found it on level 2 of the Dungeon)
 w - a ring of ice
   (You found it on level 11 of the Dungeon)
 E - an amulet of reflection (around neck)
   (You found it on level 5 of the Dungeon)
 G - an amulet of guardian spirit
   (You found it on level 5 of the Lair of Beasts)
 P - a +6 ring of intelligence
   (You found it on level 8 of the Dungeon)
Wands
 d - a wand of iceblast (10)
   (You took it off Pikel on level 5 of the Dungeon)
 f - a wand of flame (8)
   (You found it on level 4 of the Lair of Beasts)
 u - a wand of paralysis (2)
   (You found it on level 3 of the Lair of Beasts)
 x - a wand of acid (5)
   (You found it on level 7 of the Dungeon)
 D - a wand of digging (15)
   (You found it on level 2 of the Dungeon)
Scrolls
 h - 4 scrolls of blinking
 l - 6 scrolls of fog
 q - 3 scrolls of poison {!r}
 t - 3 scrolls of teleportation {@r4}
 H - a scroll of magic mapping
 Q - 2 scrolls of fear
 V - 6 scrolls of immolation {!r}
Potions
 c - a potion of mutation {!q}
 g - a potion of magic {unknown}
 i - 4 potions of curing {@q1}
 k - 3 potions of might
 o - 3 potions of ambrosia
 p - 7 potions of haste {@q3}
 r - a potion of attraction {unknown}
 v - 6 potions of enlightenment
 F - a potion of resistance {unknown}
 K - 3 potions of heal wounds {@q2}
 L - a potion of lignification {unknown}
 M - 2 potions of cancellation {unknown}
 T - 4 potions of invisibility
 U - a potion of berserk rage {unknown}
 W - 2 potions of experience {unknown}


   Skills:
 + Level 11.3 Fighting
 * Level 14.2(14.3) Axes
 - Level 2.3(9.5) Polearms
 * Level 14.1 Ranged Weapons
 + Level 7.8 Armour
 - Level 1.7 Dodging


You had 13 spell levels left.
You didn't know any spells.
Your spell library was empty.

Dungeon Overview and Level Annotations

Branches:
Dungeon (12/15)            Temple (0/1) D:6            Lair (5/5) D:8
  Swamp (0/4) Lair:2       Spider (0/4) Lair:3        Slime (0/5) Lair:4
    Orc (2/2) D:11            Elf (0/3) Orc:2       Ossuary (visited)

Altars:
Ashenzari
Cheibriados
Dithmenos
Fedhas
Hepliaklqana
Kikubaaqudgha
Qazlal
Trog
Uskayaw
Vehumet
Wu Jian

Shops:
D:2 [   D:3 (   D:6 :   D:7 [*[   D:10 [   Orc:2 ([:(

Annotations:
D:8 3 runed translucent doors, bmack86's ghost, novice MiFi; hgbash's ghost, novice TrFi
D:10 3 runed translucent doors, SirDiesAlot's ghost, journeyman OgBe; runemasterragnar's ghost, novice DsFi
D:12 Urug


Innate Abilities, Weirdness & Mutations

A weak demonic guardian rushes to your aid.
Your demonic aura often causes spilled blood to erupt in flames.
Your movements are less encumbered by armour. (ER -4)
You have a tail ending in a sharp stinger.
You passively map a small area around you.
Your spells are a little harder to cast, but a little more powerful.
You have hidden genetic potential.


Message History

The arrow hits you but does no damage.
The centaur shoots an arrow.
The arrow hits you.
The centaur shoots an arrow.
The arrow hits you.
The centaur shoots an arrow.
You block the arrow with an invisible shield... and reflect it back!
The arrow hits the centaur!
The centaur shoots an arrow.
The arrow hits you but does no damage.
You are electrocuted!
The centaur is engulfed in blazing flames.
You kill the centaur!
Trog accepts your kill.
You shoot a bolt. The bolt hits the centaur.
The bolt freezes the centaur.
The centaur shoots an arrow.
You block the arrow with an invisible shield... and reflect it back!
The arrow barely misses the centaur.
The centaur is engulfed in blazing flames.
You kill the centaur!
Trog accepts your kill.
The centaur shoots an arrow.
The arrow hits you but does no damage.
The centaur shoots an arrow.
The arrow closely misses you.
The centaur shoots an arrow.
The arrow completely misses you.
The centaur shoots an arrow.
The arrow hits you but does no damage.
The centaur shoots an arrow.
The arrow hits you but does no damage.
The centaur shoots an arrow.
The arrow hits you.
Urug is engulfed in blazing flames.
The centaur shoots an arrow.
You block the arrow with an invisible shield... and reflect it back!
The arrow hits the centaur!
You shoot a bolt. The bolt hits Urug but does no damage.
The centaur shoots an arrow.
The arrow closely misses you.
The centaur shoots an arrow.
The arrow hits you.
The centaur shoots an arrow.
The arrow hits you.
You are electrocuted!
* * * LOW HITPOINT WARNING * * *
The centaur is engulfed in blazing flames.
You kill the centaur!
Trog accepts your kill.
The centaur shoots an arrow.
The arrow closely misses you.
The centaur shoots an arrow.
The arrow hits you.
* * * LOW HITPOINT WARNING * * *
You are electrocuted!
* * * LOW HITPOINT WARNING * * *
Urug is engulfed in blazing flames.
Urug drinks a potion.
Urug is healed!
The centaur shoots an arrow.
The arrow hits you but does no damage.
The centaur shoots an arrow.
The arrow barely misses you.
Urug is engulfed in blazing flames.
You hear an angry buzzing noise.
The centaur shoots an arrow.
The arrow misses you.
The centaur shoots an arrow.
The arrow hits you!
* * * LOW HITPOINT WARNING * * *
A demonic guardian appears!
Urug hits you with a +4 scimitar!
You die...

, , ,
....y.........,
* .............
, ,
#............ ,
##c)○9........
#.)...c..○=...
,,
##...)c....., ,
##...4..o.# , ,
....(..@.# * ,
......☼.## ,
.......##** , ,
###.#.. , , , ,
# ##. , * ##* ,
,, * , , * , ,
, ,


You could see Urug, a vampire mosquito, a gargoyle, 3 centaurs and a friendly
hellwing (summoned).

Vanquished Creatures
  Gastronok (D:8)
  Snorg (Lair:5)
  A fire dragon (Lair:5)
  3 hydras
  2 boulder beetles
  4 death yaks (Lair:1)
  4 two-headed ogres
  An orc high priest (Orc:1)
  3 skysharks
  A lindwurm (Lair:5)
  Pikel (D:5)
  An orc knight (Orc:2)
  2 orc sorcerers
  A cyclops (D:11)
  3 black mambas
  11 elephants
  2 molten gargoyles (Lair:5)
  A gargoyle (D:10)
  7 cane toads
  20 komodo dragons
  3 unseen horrors
  3 rime drakes
  A kobold demonologist (D:11)
  A meliai (Lair:3)
  4 trolls
  A polar bear (Lair:2)
  2 hornets
  8 blink frogs
  7 dream sheep (Lair:4)
  2 wraiths
  2 shadows (D:10)
  5 wyverns
  37 yaks
  3 basilisks
  4 steam dragons
  7 vampire mosquitoes
  2 swamp worms (Lair:2)
  2 acid dragons
  5 wargs
  Duvessa (D:5)
  9 water moccasins
  5 hell hounds (Lair:5)
  2 ice beasts
  4 black bears
  34 orc warriors
  4 ogres
  A sky beast (D:7)
  18 centaurs
  7 wolves
  A lemure (D:5)
  A kobold brigand (D:4)
  15 bullfrogs
  A gnoll sergeant (D:9)
  3 scorpions
  Dowan (D:5)
  7 wights (D:7)
  5 killer bees
  6 electric eels
  3 howler monkeys
  4 lava snakes (Lair:5)
  2 centaur zombies (Ossuary)
  2 jellies (Lair:4)
  6 hounds
  8 orc priests
  3 gnoll boudas
  Jessica (D:3)
  5 iguanas
  A sleepcap (D:4)
  Crazy Yiuf (D:7)
  Natasha (thrice) (D:3)
  19 orc wizards
  4 hell rats (Lair:5)
  7 mummies
  22 gnolls
  8 adders
  3 white imps
  3 ufetubi
  4 worms
  A dart slug (D:1)
  56 orcs
  6 ball pythons
  4 bats
  11 endoplasms
  4 giant cockroaches (D:1)
  A gnoll zombie (Ossuary)
  8 goblins
  10 hobgoblins
  4 jackals (D:5)
  4 quokkas
  2 frilled lizards
  A goblin zombie (Ossuary)
  2 hobgoblin zombies (Ossuary)
  12 kobolds
  2 kobold zombies (Ossuary)
  5 rats
536 creatures vanquished.

Vanquished Creatures (collateral kills)
  A yak (Lair:3)
  A lava snake (Lair:5)
  An orc (Orc:2)
3 creatures vanquished.

Vanquished Creatures (others)
  An orc (Orc:1)
  A goblin (D:4)
2 creatures vanquished.

Grand Total: 541 creatures vanquished

Notes
Turn   | Place    | Note
-------+----------+-------------------------------------------
     0 | D:1      | Pooter the Demonspawn Berserker began the quest for the
                  | Orb.
     0 | D:1      | Reached XP level 1. HP: 18/18 MP: 1/1
   217 | D:1      | Gained mutation: Your demonic aura sometimes causes spilled
                  | blood to erupt in flames. [demonic ancestry]
   217 | D:1      | Reached XP level 2. HP: 23/24 MP: 2/2
   506 | D:1      | Reached skill level 1 in Ranged Weapons
   583 | D:1      | Gained mutation: Your demonic aura often causes spilled
                  | blood to erupt in flames. [demonic ancestry]
   583 | D:1      | Reached XP level 3. HP: 18/29 MP: 3/3
   585 | D:1      | Reached ** piety under Trog
   819 | D:2      | Reached skill level 1 in Polearms
   907 | D:2      | Reached XP level 4. HP: 30/35 MP: 4/4
  1030 | D:2      | Found Ufodad's Armour Shoppe.
  1271 | D:2      | Found a faded altar of an unknown god.
  1977 | D:3      | Found Vubantipp's Antique Weapon Shop.
  2025 | D:3      | Reached XP level 5. HP: 42/42 MP: 5/5
  2280 | D:3      | Noticed Jessica
  2289 | D:3      | Killed Jessica
  2347 | D:3      | Noticed Natasha
  2358 | D:3      | Killed Natasha
  2411 | D:3      | Noticed Natasha
  2413 | D:3      | Killed Natasha
  2413 | D:3      | Reached *** piety under Trog
  2414 | D:3      | Reached XP level 6. HP: 48/48 MP: 2/6
  2582 | D:3      | Found a blossoming altar of Fedhas.
  2962 | D:3      | Noticed Natasha
  2967 | D:3      | Killed Natasha
  3520 | D:3      | Bought a runed longbow for 209 gold pieces
  3658 | D:4      | Gained mutation: You have a small tail. [demonic ancestry]
  3658 | D:4      | Reached XP level 7. HP: 55/55 MP: 7/7
  5321 | D:5      | Entered Level 5 of the Dungeon
  5547 | D:5      | Reached skill level 5 in Fighting
  5547 | D:5      | Reached skill level 5 in Axes
  5753 | D:5      | Identified the +3 leather armour "Suogas" {rElec Will+
                  | Str+3 Int+5}
  5808 | D:5      | Noticed Pikel
  5820 | D:5      | Killed Pikel
  5821 | D:5      | Reached skill level 5 in Ranged Weapons
  5821 | D:5      | Reached XP level 8. HP: 63/63 MP: 2/8
  6568 | D:5      | Found a broken altar of Ashenzari.
  6568 | D:5      | Noticed Duvessa
  6570 | D:5      | Noticed Dowan
  6581 | D:5      | Killed Duvessa
  6584 | D:5      | Killed Dowan
  7076 | D:6      | Found Ytoycsed's Tremendous Tomes.
  7281 | D:6      | Found a staircase to the Ecumenical Temple.
  7373 | D:6      | Gained mutation: Your movements are slightly less
                  | encumbered by armour. (ER -2) [demonic ancestry]
  7373 | D:6      | Reached XP level 9. HP: 69/69 MP: 9/9
  7455 | D:6      | Found a snail-covered altar of Cheibriados.
  7458 | D:6      | Found a stormy altar of Qazlal.
  7462 | D:6      | Found a bloodstained altar of Trog.
  7465 | D:6      | Found a hazy altar of Hepliaklqana.
  7467 | D:6      | Found a shadowy altar of Dithmenos.
  7467 | D:6      | Found a radiant altar of Vehumet.
  7467 | D:6      | Noticed a two-headed ogre
  7472 | D:6      | Killed a two-headed ogre
  7583 | D:6      | Found an ornate altar of the Wu Jian Council.
  7587 | D:6      | Found an ancient bone altar of Kikubaaqudgha.
  7588 | D:6      | Found a hide-covered altar of Uskayaw.
  8449 | D:7      | Found Dioredutz's Assorted Antiques.
  8458 | D:7      | Bought a bubbling green potion for 24 gold pieces
  8458 | D:7      | Bought a potion of curing for 81 gold pieces
  8458 | D:7      | Bought a scroll labelled JOIKHLA BEDIKAX for 27 gold pieces
  9405 | D:7      | Found Quulatsum's Armour Emporium.
  9698 | D:7      | Identified the +9 hammer "Xayvvo Uruunt" {antimagic, SInv}
  9700 | D:7      | Found a runed translucent door.
  9701 | D:7      | Noticed Crazy Yiuf
  9709 | D:7      | Killed Crazy Yiuf
  9712 | D:7      | Identified the +1 hammer "Meontiew" {freeze, rElec Stlth+}
 10024 | D:7      | Found Adehof's Antique Armour Shoppe.
 10079 | D:7      | Gained mutation: A weak demonic guardian rushes to your
                  | aid. [demonic ancestry]
 10079 | D:7      | Reached XP level 10. HP: 79/79 MP: 3/10
 10140 | D:8      | Found a sand-covered staircase.
 10159 | Ossuary  | Entered an ossuary
 10735 | D:8      | Noticed a two-headed ogre
 10740 | D:8      | Killed a two-headed ogre
 11453 | D:8      | Found a staircase to the Lair.
 11473 | D:8      | Found a runed translucent gate.
 11473 | D:8      | Found a runed translucent gate.
 11473 | D:8      | Found a runed translucent gate.
 11477 | D:8      | Noticed hgbash's ghost (novice TrFi)
 11477 | D:8      | Noticed bmack86's ghost (novice MiFi)
 11490 | D:8      | Noticed Gastronok
 11508 | D:8      | Killed Gastronok
 12401 | D:9      | Reached XP level 11. HP: 68/86 MP: 3/11
 13188 | D:9      | Reached skill level 10 in Axes
 13298 | D:9      | Gained mutation: You sometimes lose your temper in combat.
                  | [potion of mutation]
 13298 | D:9      | Gained mutation: You occasionally shout uncontrollably at
                  | your foes. [potion of mutation]
 13298 | D:9      | Gained mutation: You have hidden genetic defects. [potion
                  | of mutation]
 13299 | D:9      | Lost mutation: You sometimes lose your temper in combat.
                  | [potion of mutation]
 13299 | D:9      | Lost mutation: You occasionally shout uncontrollably at
                  | your foes. [potion of mutation]
 13299 | D:9      | Gained mutation: You are frail. (-10% HP) [potion of
                  | mutation]
 13299 | D:9      | Gained mutation: Your skin changes colour to match your
                  | surroundings (Stealth+). [potion of mutation]
 13299 | D:9      | Gained mutation: Your skin blends seamlessly with your
                  | surroundings (Stealth++). [potion of mutation]
 13300 | D:9      | Lost mutation: Your skin blends seamlessly with your
                  | surroundings (Stealth++). [potion of mutation]
 13300 | D:9      | Lost mutation: Your skin changes colour to match your
                  | surroundings (Stealth+). [potion of mutation]
 13300 | D:9      | Lost mutation: You have hidden genetic defects. [potion of
                  | mutation]
 13300 | D:9      | Gained mutation: You are agile. (Dex +4, Str/Int -1)
                  | [potion of mutation]
 13301 | D:9      | Lost mutation: You are frail. (-10% HP) [potion of
                  | mutation]
 13301 | D:9      | Lost mutation: You are agile. (Dex +4, Str/Int -1) [potion
                  | of mutation]
 13301 | D:9      | Gained mutation: You have hidden genetic potential. [potion
                  | of mutation]
 13831 | D:10     | Entered Level 10 of the Dungeon
 13836 | D:10     | Noticed a two-headed ogre
 13843 | D:10     | Killed a two-headed ogre
 13844 | D:10     | Reached skill level 10 in Ranged Weapons
 14113 | D:10     | Noticed a two-headed ogre
 14120 | D:10     | Killed a two-headed ogre
 14412 | D:10     | Found Tamec's Armour Shoppe.
 14471 | D:10     | Found a runed translucent gate.
 14471 | D:10     | Found a runed translucent gate.
 14634 | D:10     | Found a runed translucent gate.
 14640 | D:10     | Noticed runemasterragnar's ghost (novice DsFi)
 14640 | D:10     | Noticed SirDiesAlot's ghost (journeyman OgBe)
 15279 | Lair:1   | Entered Level 1 of the Lair of Beasts
 16094 | D:7      | Bought a blackened citrine amulet for 135 gold pieces
 16451 | Lair:1   | Noticed a death yak
 16453 | Lair:1   | Noticed a death yak
 16457 | Lair:1   | Noticed a death yak
 16457 | Lair:1   | Noticed a death yak
 16465 | Lair:1   | Killed a death yak
 16469 | Lair:1   | Killed a death yak
 16470 | Lair:1   | Reached XP level 12. HP: 88/95 MP: 4/12
 16477 | Lair:1   | Killed a death yak
 16479 | Lair:1   | Killed a death yak
 16494 | Lair:1   | Gained mutation: Your spells are a little harder to cast,
                  | but a little more powerful. [hidden potential]
 16568 | Lair:1   | Reached skill level 5 in Armour
 17125 | Lair:1   | Reached **** piety under Trog
 18788 | Lair:2   | Noticed a seven-headed hydra
 18790 | Lair:2   | Killed a seven-headed hydra
 18920 | Lair:2   | Noticed a seven-headed hydra
 18923 | Lair:2   | Killed a seven-headed hydra
 19596 | Lair:2   | Found a staircase to the Swamp.
 21172 | Lair:3   | Reached skill level 10 in Fighting
 21448 | Lair:3   | Found a hole to the Spider Nest.
 22078 | D:7      | Bought a pair of heavily runed boots for 247 gold pieces
 22078 | D:7      | Identified the +0 pair of boots of the Antique God {Rampage
                  | rF- Will+++ Dex-5} (You bought it in a shop on level 7 of
                  | the Dungeon)
 22808 | Lair:4   | Gained mutation: You have a tail ending in a sharp stinger.
                  | [demonic ancestry]
 22808 | Lair:4   | Reached XP level 13. HP: 20/103 MP: 4/13
 23093 | Lair:4   | Paralysed by a hornet for 1 turns
 23103 | Lair:4   | Gained mutation: You have great hidden genetic potential.
                  | [hidden potential]
 23103 | Lair:4   | Lost mutation: You have great hidden genetic potential.
                  | [hidden potential expressed]
 25458 | Lair:4   | Found a staircase to the Slime Pits.
 25663 | Lair:4   | Identified the +6 war axe of Owoocoji {venom, *Noise Will+
                  | rCorr Str+2}
 25763 | Lair:5   | Entered Level 5 of the Lair of Beasts
 29315 | Lair:5   | Noticed Snorg
 29331 | Lair:5   | Killed Snorg
 30738 | Lair:5   | Found a large runed translucent door.
 30739 | Lair:5   | Found a large runed translucent door.
 30748 | Lair:5   | Noticed a fire dragon
 30760 | Lair:5   | Killed a fire dragon
 32332 | D:11     | Gained mutation: Your movements are less encumbered by
                  | armour. (ER -4) [demonic ancestry]
 32332 | D:11     | Reached XP level 14. HP: 113/113 MP: 14/14
 32999 | D:7      | Bought a runed triple crossbow for 351 gold pieces
 33386 | D:11     | Gained mutation: You passively map a small area around you.
                  | [hidden potential]
 33417 | D:11     | Found a staircase to the Orcish Mines.
 34009 | Orc:1    | Entered Level 1 of the Orcish Mines
 34462 | Orc:2    | Entered Level 2 of the Orcish Mines
 35023 | Orc:2    | Found a staircase to the Elven Halls.
 37056 | Orc:2    | Found Giunoecw's Book Shoppe.
 37056 | Orc:2    | Found Tisaruje's Armour Shop.
 37058 | Orc:2    | Found Rellotunn's Antique Weapon Boutique.
 37060 | Orc:2    | Found Orohaemm's Antique Weapon Emporium.
 37137 | D:12     | Noticed Urug
 37202 | D:12     | Slain by Urug

Illustrated notes

Levels and vault maps discovered:
D:1:      amcnicky_arrival_blooded_trapdoor, layout_loops_cross
D:2:      layout_loops_ring, nicolae_ecumenical_pavilion, serial_shops,
          nicolae_shop_pleasant_corner_grove
D:3:      layout_loops_ring, fedhas_altar_1, serial_shops,
          nicolae_shop_peninsula, dreamdust_mushroom_princess, uniq_natasha,
          uniq_jessica
D:4:      layout_basic, lexackson_kobold_supper
D:5:      layout_basic, mainiacjoe_overflow_small_starburst, uniq_duvessa,
          uniq_pikel
D:6:      layout_cave_pools, nicolae_overflow_hallway_of_the_gods,
          minmay_temple_entry_hall, hangedman_glass_teeth,
          nicolae_shop_i_like_big_books, kennysheep_cross_bottleneck
D:7:      layout_cave_pools, serial_shops, kennysheep_mini,
          nicolae_shop_real_fake_doors, nicolae_shop_tiny_glass,
          uniq_crazy_yiuf_cottage
D:8:      layout_loops_ring, erik_lair_island, gammafunk_ghost_cemetery,
          gup_ossuary_entry_pyramid, uniq_gastronok
D:9:      layout_gridville, serial_rivers, chequers_serial_rivers_micro_b,
          chequers_serial_rivers_room_b, chequers_serial_rivers_micro_d,
          chequers_serial_rivers_small_b, chequers_serial_rivers_micro_b,
          chequers_serial_rivers_marsh
D:10:     layout_irregular_city, gammafunk_ghost_cemetery, serial_shops,
          nicolae_shop_waterfront
D:11:     layout_long_grid, david_orc_3
D:12:     layout_cave_pools, uniq_lodul, uniq_urug
Lair:1:   layout_cave_pods, beast_lair_carwin_2, serial_bayou_shore_a,
          grunt_megastairs_5, infiniplex_staircase_pool_2
Lair:2:   layout_roguey, palyth_hydra_swamp_entry, serial_bayou_shore_b
Lair:3:   layout_cave_pods, hellmonk_spider_entry_not_the_bees,
          nicolae_quartered_pool_little, minivault_25
Lair:4:   layout_misc_corridors, nicolae_slime_entry_slimehenge,
          nicolae_volcano_entry_hallway, grunt_megastairs_4
Lair:5:   cheibrodos_lair_end_hotspot, layout_hall_layers,
          eino_small_chamber_without_monster, chequers_serial_rivers_micro_d,
          chequers_serial_rivers_micro_e, uniq_snorg
Orc:1:    layout_caves
Orc:2:    st_orc_rangers, layout_caves

Skill      XL: |  1  2  3  4  5  6  7  8  9 10 11 12 13 14 |
---------------+-------------------------------------------+-----
Axes           | 3 4 5 6 8 9 11 12 13 14 | 14.2
Ranged Weapons | 1 2 3 5 6 8 9 11 12 13 14 | 14.1
Polearms       | 1 2 |  2.3
Fighting       | 4 5 6 7 8 9 10 11 | 11.3
Armour         | 2 4 6 7 |  7.8
Dodging        | |  1.7

Action                     |  1- 3 |  4- 6 |  7- 9 | 10-12 | 13-15 || total
---------------------------+-------+-------+-------+-------+-------++-------
  Melee: Hand axe          |    40 |       |       |       |       ||    40
         Punch             |     1 |       |     1 |     2 |     3 ||     7
         Trident           |    57 |    33 |       |       |       ||    90
         War axe           |       |    50 |    96 |   191 |   233 ||   570
         Tailslap          |       |       |    12 |    39 |    46 ||    97
         Mace              |       |       |       |    15 |     9 ||    24
   Fire: Sling             |    27 |    78 |       |       |       ||   105
         Longbow           |       |     6 |   122 |   246 |   169 ||   543
         Triple crossbow   |       |       |       |       |    80 ||    80
  Throw: Stone             |     4 |     1 |       |       |       ||     5
         Dart              |       |     2 |       |       |       ||     2
         Boomerang         |       |       |       |       |     1 ||     1
 Invoke: Berserk           |     2 |     3 |     9 |     6 |    12 ||    32
         Trog's Hand       |       |     3 |     5 |     7 |    15 ||    30
  Evoke: Wand              |       |       |     1 |     4 |     3 ||     8
    Use: Scroll            |       |     3 |     1 |    19 |     6 ||    29
         Potion            |       |       |     3 |     7 |     1 ||    11
   Stab: Sleeping          |       |       |     3 |     1 |       ||     4
         Distracted        |       |       |       |       |     1 ||     1
 Armour: Animal skin       |    14 |       |       |       |       ||    14
         Ring mail         |     2 |     4 |       |       |       ||     6
         Scale mail        |       |    20 |     7 |       |       ||    27
         Leather armour    |       |       |    28 |    14 |       ||    42
         Plate armour      |       |       |       |   125 |   233 ||   358
  Dodge: Dodged            |    74 |    55 |    62 |   101 |   185 ||   477
  Block: Other             |       |       |    22 |    32 |    16 ||    70
         Reflection        |       |       |     1 |     2 |    14 ||    17

Table legend: (Time is in decaauts)
 A = Elapsed time spent in this place.
 B = Non-inter-level travel time spent in this place.
 C = Inter-level travel time spent in this place.
 D = Time resting spent in this place.
 E = Time spent auto-exploring this place.
 F = Levels seen in this place.
 G = Mean time per level.
                   A        B        C        D        E       F      G
               +--------+--------+--------+--------+--------+-----+--------+
         Total |  37945 |  36526 |   1419 |  20610 |  11709 |  20 | 1897.2 |
       Dungeon |  17733 |  16812 |    921 |   7347 |   7187 |  12 | 1477.8 |
          Lair |  16836 |  16382 |    454 |  11233 |   3712 |   5 | 3367.2 |
  Orcish Mines |   3073 |   3030 |     43 |   1998 |    676 |   2 | 1536.5 |
       Ossuary |    301 |    301 |      0 |     31 |    134 |   1 |  301.0 |
               +--------+--------+--------+--------+--------+-----+--------+

Top non-repeatable levels by time:
  Lair:5: 6217 daAuts
  Lair:4: 3393 daAuts
  Lair:3: 2685 daAuts
     D:4: 2440 daAuts
  Lair:1: 2372 daAuts
     D:7: 2365 daAuts
   Orc:2: 2343 daAuts
     D:8: 2265 daAuts
  Lair:2: 2168 daAuts
    D:11: 1718 daAuts
    D:10: 1608 daAuts
     D:5: 1558 daAuts
     D:9: 1521 daAuts
     D:3: 1211 daAuts
     D:6: 1042 daAuts
